 Dungeon Crawl Stone Soup version 0.27-a0-668-gb5737ff2c0 (webtiles) character file.

Game seed: 7137576905599514520

310 CurlyBrace the Scratcher (level 6, -6/30 HPs)
             Began as a Felid Monk on Mar 18, 2021.
             Was a Believer of Cheibriados.
             Shot with an arrow by a centaur (8 damage)
             ... on level 8 of the Dungeon.
             The game lasted 00:12:15 (1032 turns).

CurlyBrace the Scratcher (Felid Monk)               Turns: 1032, Time: 00:12:15

Health: -6/30      AC:  2    Str: 11    XL:     6   Next: 18%
Magic:  8/8        EV: 20    Int: 18    God:    Cheibriados [**....]
Gold:   63         SH:  0    Dex: 22    Spells: 5/7 levels left
                                        Lives:  0   Deaths: 2

rFire    . . .     SeeInvis +     - Unarmed
rCold    . . .     Faith    .   (shield unavailable)
rNeg     . . .     Spirit   .   (armour unavailable)
rPois    .         Reflect  .   (helmet unavailable)
rElec    .         Harm     .   (cloak unavailable)
rCorr    .         Rampage  .   (gloves unavailable)
Will     .....                  (boots unavailable)
Stlth    ++++......             (no amulet)
HPRegen  0.10/turn              (no ring)
MPRegen  0.11/turn              (no ring)

@: very slow
A: very small, claws 1, fangs 3, see invisible, speed 1, shaggy fur 2, stealthy
paws, no weapons or thrown items, no armour, multi-lived
a: Renounce Religion, Bend Time


You were on level 8 of the Dungeon.
You worshipped Cheibriados.
Cheibriados was pleased with you.
You visited 2 branches of the dungeon, and saw 9 of its levels.

You collected 63 gold pieces.

You aren't carrying anything.


   Skills:
 * Level 5.5 Fighting
 + Level 4.9 Dodging
 + Level 5.0 Stealth
 * Level 5.7 Unarmed Combat
 - Level 1.0 Spellcasting
 - Level 1.0 Necromancy
 - Level 1.0 Transmutations


You had 5 spell levels left.
You knew the following spells:

 Your Spells              Type           Power      Damage    Failure   Level
a - Pain                  Necr           16%        1d4       13%         1
b - Beastly Appendage     Tmut           8%         N/A       13%         1

Your spell library contained the following spells:

 Spells                   Type           Power      Damage    Failure   Level
 Animate Skeleton         Necr           8%         N/A       13%         1
 Wereblood                Tmut           4%         N/A       21%         2
 Vampiric Draining        Necr           2%         2d6       36%         3
 Spider Form              Tmut/Pois      1%         N/A       43%         3
 Animate Dead             Necr           2%         N/A       78%         4
 Ice Form                 Ice/Tmut       2%         N/A       85%         4
 Agony                    Necr           4%         N/A       98%         5
 Blade Hands              Tmut           2%         N/A       98%         5


Dungeon Overview and Level Annotations

Branches:
Dungeon (8/15)             Temple (1/1) D:4
   Lair: D:8-11

Altars:
Ashenzari
Cheibriados
Dithmenos
Elyvilon
Fedhas
Hepliaklqana
Kikubaaqudgha
Nemelex Xobeh
Okawaru
Qazlal
Ru
Sif Muna
Trog
Uskayaw
Vehumet
Wu Jian
Xom
Yredelemnul
The Shining One

Annotations:
D:4 2 transporters
D:6 Grinder
D:7 1 runed translucent door, logorrheac's ghost, novice DEVM
D:8 1 runed translucent door


Innate Abilities, Weirdness & Mutations

You have sharp claws.
You have razor-sharp teeth.
You have supernaturally acute eyesight. (SInv)
You cover ground quickly. (Speed+)
You are covered in thick fur. (AC +2)
Your stealthy paws help you sneak and pounce on unaware monsters.
You are incapable of wielding weapons or throwing items.
You cannot wear armour.
You gain extra lives every three experience levels.


Message History

You miscast Pain.
You are very lightly contaminated with residual magic.
Nothing appears to happen.
Casting: Pain (safe; 13% risk of failure)
Confirm with . or Enter, or press ? or * to list all spells.
Aiming: Pain (safe; 13% risk of failure)
Press: ? - help, Shift-Dir - straight line, f/p - sky beast
Aim: a sky beast (lightly wounded, slightly transparent, chance to affect: 45%)
The sky beast writhes in agony.
You claw the sky beast!
You bite the sky beast, but do no damage.
The sky beast is moderately wounded.
The sky beast hits you.
* * * LOW HITPOINT WARNING * * *
The sky beast shocks you.
You die...
Your shape twists and changes as you die.
You are now level 6!
Your horns disappear.
You rejoin the land of the living...
A centaur and an ufetubus come into view.
The centaur shouts!
You hear an angry hiss.
The ufetubus shouts!
You hear a shout!
You hear a howl!
The centaur wields a +0 shortbow.
The centaur shoots an arrow.
The arrow misses you.
An adder comes into view.
The centaur shoots an arrow.
The arrow hits you!
A black bear comes into view.
The centaur shoots an arrow.
The arrow hits you!
Ouch! That really hurt!
* * * LOW HITPOINT WARNING * * *
Unknown command.
The centaur shoots an arrow.
The arrow closely misses you.
You aren't carrying any scrolls.
Unknown command.
You aren't carrying any potions.
Are you sure you want to abandon this character and quit the game? (Confirm with "yes".)
Okay, then.
The centaur shoots an arrow.
The arrow hits you!
You die...

#. ############
#. #..........#
#. #.#######.##
#. #.#######.# #.
#.#.......#
#.##.#.#########
##.........#...<#
##
#.c...###.##.####
)..
#....##@.......
##... .h...#.
####.#### ....h
..h. #. .. ...##
..# #. .# ..... .
.S # ...# .. ..


You could see a centaur.

Vanquished Creatures
  A wyvern (D:8)
  2 centaurs
  A phantom (D:4)
  A bullfrog (D:6)
  2 scorpions
  2 hounds
  2 hound skeletons
  2 adders
  A worm (D:4)
  2 leopard geckos
  10 orcs
  3 giant cockroaches
  A bat (D:2)
  A frilled lizard (D:4)
  A kobold (D:2)
  A rat (D:3)
33 creatures vanquished.

Vanquished Creatures (others)
  5 plants (D:4)
5 creatures vanquished.

Grand Total: 38 creatures vanquished

Notes
Turn   | Place    | Note
-------+----------+-------------------------------------------
     0 | D:1      | CurlyBrace the Felid Monk began the quest for the Orb.
     0 | D:1      | Reached XP level 1. HP: 10/10 MP: 2/2
     2 | D:1      | Noticed a felid
     2 | D:1      | Noticed an ogre
     4 | D:1      | Noticed a merfolk
     4 | D:1      | Noticed a troll
     6 | D:1      | Noticed a naga
     8 | D:1      | Noticed a vampire
    10 | D:1      | Noticed a tengu
    10 | D:1      | Noticed a gargoyle
    12 | D:1      | Noticed a minotaur
    12 | D:1      | Noticed a formicid
    14 | D:1      | Noticed an elf
    14 | D:1      | Noticed a human
    16 | D:1      | Noticed a demigod
    16 | D:1      | Noticed a ghoul
    18 | D:1      | Noticed a demonspawn
    18 | D:1      | Noticed a spriggan
    20 | D:1      | Noticed a dwarf
    20 | D:1      | Noticed a centaur
    24 | D:1      | Noticed a draconian
    24 | D:1      | Noticed a halfling
    26 | D:1      | Noticed an octopode
    26 | D:1      | Noticed a vine stalker
   129 | D:4      | Reached XP level 2. HP: 10/14 MP: 3/3
   148 | D:4      | Found a transporter.
   166 | D:4      | Learned a level 1 spell: Pain
   194 | D:5      | Entered Level 5 of the Dungeon
   194 | D:5      | Noticed a centaur
   202 | D:4      | Noticed a scorpion
   206 | D:4      | Killed a scorpion
   207 | D:4      | Reached skill level 1 in Necromancy
   207 | D:4      | Reached XP level 3. HP: 16/18 MP: 4/4
   225 | D:4      | Reached XP level 4. HP: 19/22 MP: 5/5
   226 | D:4      | Found a staircase to the Ecumenical Temple.
   305 | D:4      | Learned a level 1 spell: Beastly Appendage
   311 | Temple   | Entered the Ecumenical Temple
   526 | D:4      | Noticed a phantom
   550 | D:4      | Killed a phantom
   551 | D:4      | Reached skill level 1 in Transmutations
   551 | D:4      | Reached XP level 5. HP: 7/25 MP: 5/7
   564 | D:4      | Found a transporter.
   615 | D:4      | HP: 1/25 [orc/+0 short sword (4)]
   617 | D:4      | Slain by a scorpion
   618 | D:4      | Reached XP level 4. HP: -4/22 MP: 6/6
   714 | D:5      | Found a bloodstained altar of Trog.
   718 | D:5      | Reached skill level 1 in Spellcasting
   749 | D:6      | Reached XP level 5. HP: 23/25 MP: 7/7
   775 | D:6      | Noticed Grinder
   794 | D:7      | Noticed a sky beast
   845 | D:6      | You fall into a shaft and drop 2 floors!
   846 | D:8      | Noticed a sky beast
   856 | D:8      | Found a stormy altar of Qazlal.
   877 | D:7      | Noticed a centaur
   878 | D:7      | Killed a centaur
   879 | D:7      | Reached skill level 5 in Fighting
   879 | D:7      | Reached skill level 5 in Unarmed Combat
   879 | D:7      | Gained mutation: You are covered in thick fur. (AC +2)
                  | [Felid growth]
   879 | D:7      | Reached XP level 6. HP: 7/30 MP: 8/8
   903 | D:7      | Found a runed translucent door.
   903 | D:7      | Found a shimmering altar of Xom.
   903 | D:7      | Noticed a +2 hand axe of chaos
   903 | D:7      | Noticed logorrheac's ghost (novice DEVM)
   918 | D:8      | Noticed a wyvern
   929 | D:8      | Found a snail-covered altar of Cheibriados.
   932 | D:8      | Became a worshipper of Cheibriados the Contemplative
   932 | D:8      | Reached * piety under Cheibriados
   932 | D:8      | Reached ** piety under Cheibriados
   956 | D:8      | Killed a wyvern
   960 | D:8      | Reached skill level 5 in Stealth
   960 | D:8      | Reached XP level 7. HP: 4/33 MP: 9/9
   990 | D:8      | Found a runed translucent door.
   992 | D:8      | Noticed a sixfirhy
  1017 | D:8      | Slain by a sky beast
  1018 | D:8      | Reached XP level 6. HP: -1/30 MP: 4/8
  1032 | D:8      | Shot with an arrow by a centaur

Illustrated notes

Levels and vault maps discovered:
D:1:      kb_arrival_jail, layout_basic
D:2:      wad_lake_hut, layout_rooms
D:3:      layout_loops_ring, elyvilon_altar_5
D:4:      minmay_recursive_quarters, layout_basic, demons_altar,
          minmay_temple_entry_large_hall, gammafunk_ghost_gnarly_gnolls,
          minmay_surrounded
D:5:      layout_loops_ring, grunt_temple_overflow_gold_and_silver,
          serial_co_window_serial, co_window_paths_b, co_window_paths_a,
          co_window_paths_b, co_window_corner_a, co_window_corner_a,
          co_window_corner_cb, co_window_unsneaky_path_d,
          co_window_of_opportunity_c, co_window_paths_c, co_window_broadway_c,
          glass_columns_a, glass_columns_b, trog_three_pillars_becter
D:6:      layout_basic, hellmonk_ghost_happy_afterlife, minmay_starry_boxes,
          uniq_grinder
D:7:      layout_cave_pools, ebering_ghost_xom
D:8:      cheibrodos_shockbox, layout_basic, lemuel_doored_altar,
          general_overflow_altar, minmay_misc_feat_columns,
          lemuel_centaur_altar, uniq_gastronok
Temple:   minmay_crystal_spiral_temple

Skill      XL: |  1  2  3  4  5  6 |
---------------+-------------------+-----
Stealth        | 3 4 5 |  5.0
Necromancy     | 1 |  1.0
Unarmed Combat | 4 5 |  5.7
Fighting       | 4 5 |  5.5
Transmutations | 1 |  1.0
Spellcasting   | 1 |  1.0
Dodging        | |  4.9

Action                   |  1- 3 |  4- 6 |  7- 9 || total
-------------------------+-------+-------+-------++-------
Melee: Unarmed           |    26 |    86 |     3 ||   115
       Bite              |     1 |     9 |     1 ||    11
       Headbutt          |       |     7 |       ||     7
 Cast: Beastly Appendage |       |     8 |     2 ||    10
       Pain              |       |       |     3 ||     3
  Use: Scroll            |       |     3 |       ||     3
       Potion            |       |     1 |       ||     1
 Stab: Sleeping          |     6 |     4 |       ||    10
Armor: Skin              |     1 |     1 |       ||     2
Dodge: Dodged            |    19 |    53 |     1 ||    73

Table legend: (Time is in decaauts)
 A = Elapsed time spent in this place.
 B = Non-inter-level travel time spent in this place.
 C = Inter-level travel time spent in this place.
 D = Time resting spent in this place.
 E = Time spent auto-exploring this place.
 F = Levels seen in this place.
 G = Mean time per level.
                   A        B        C        D        E       F      G
               +--------+--------+--------+--------+--------+-----+--------+
         Total |    904 |    838 |     66 |      0 |      0 |   9 |  100.4 |
       Dungeon |    768 |    768 |      0 |      0 |      0 |   8 |   96.0 |
        Temple |    135 |     69 |     66 |      0 |      0 |   1 |  135.0 |
               +--------+--------+--------+--------+--------+-----+--------+

Top non-repeatable levels by time:
     D:4: 324 daAuts
     D:8: 168 daAuts
  Temple: 135 daAuts
     D:6: 87 daAuts
     D:5: 51 daAuts
     D:7: 43 daAuts
     D:1: 43 daAuts
     D:3: 37 daAuts
     D:2: 12 daAuts
